 Dungeon Crawl Stone Soup version 0.26.1-11-gd32895ea62 (webtiles) character file.

Game seed: 11916105389554008354

334 Descartes the Ruffian (level 6, -5/55 HPs)
             Began as a Troll Warper on May 30, 2021.
             Killed from afar by Dowan (22 damage)
             ... with a stone arrow
             ... on level 4 of the Dungeon.
             The game lasted 00:04:53 (2379 turns).

Descartes the Ruffian (Troll Warper)                Turns: 2379, Time: 00:04:53

Health: -5/55      AC:  6    Str: 20    XL:     6   Next: 27%
Magic:  6/6        EV: 10    Int: 10    God:
Gold:   123        SH:  0    Dex: 10    Spells: 5/7 levels left

rFire    . . .     SeeInvis .     - Unarmed
rCold    . . .     Faith    .   (no shield)
rNeg     . . .     Spirit   .   a - +0 robe
rPois    .         Reflect  .   (helmet restricted)
rElec    .         Harm     .   (no cloak)
rCorr    .         Rampage  .   (gloves unavailable)
Will     .....                  (boots unavailable)
Stlth    +.........             (no amulet)
HPRegen  0.58/turn              (no ring)
MPRegen  0.10/turn              (no ring)

@: no status effects
A: large, unfitting armour, claws 3, regeneration 1, shaggy fur 1, tough skin 3
a: no special abilities


You were on level 4 of the Dungeon.
You visited 1 branch of the dungeon, and saw 4 of its levels.

You collected 123 gold pieces.

Inventory:

Missiles
 d - 5 boomerangs of dispersal (quivered)
 e - 97 stones
 o - 15 sling bullets
 q - 54 arrows
 x - 15 poisoned darts
Armour
 a - a +0 robe (worn)
Jewellery
 b - a cursed +4 ring of protection {unknown}
Scrolls
 c - 2 scrolls of blinking
 f - 2 scrolls of teleportation {unknown}
 g - 4 scrolls of identify {unknown}
 h - 4 scrolls of remove curse {unknown}
 k - 2 scrolls of fear {unknown}
 l - 2 scrolls of enchant armour {unknown}
 p - a scroll of fog {unknown}
 s - a scroll of enchant weapon {unknown}
 u - a scroll of amnesia {unknown}
Potions
 i - a potion of heal wounds {unknown}
 j - 3 potions of degeneration {unknown}
 m - a potion of invisibility {unknown}
 n - a potion of haste {unknown}
 r - a potion of attraction {unknown}
 t - a potion of curing {unknown}
 v - a potion of brilliance {unknown}
 w - a potion of magic {unknown}
 z - a potion of cancellation {unknown}


   Skills:
 - Level 1.5 Fighting
 - Level 0.8 Throwing
 + Level 2.0 Armour
 + Level 3.0 Dodging
 * Level 4.4 Unarmed Combat
 - Level 1.2 Spellcasting
 + Level 3.1 Translocations


You had 5 spell levels left.
You knew the following spells:

 Your Spells              Type           Power        Failure   Level
a - Blink                 Tloc           N/A          14%         2

Your spell library contained the following spells:

 Spells                   Type           Power        Failure   Level
 Gell's Gravitas          Tloc           3%           28%         3
 Lesser Beckoning         Tloc           3%           28%         3
 Teleport Other           Tloc           6%           28%         3
 Summon Small Mammal      Summ           0%           34%         1
 Call Imp                 Summ           0%           45%         2
 Passage of Golubria      Tloc           N/A          67%         4
 Call Canine Familiar     Summ           0%           71%         3
 Summon Guardian Golem    Hex/Summ       0%           71%         3
 Summon Ice Beast         Ice/Summ       0%           98%         4
 Summon Lightning Spire   Summ/Air       0%           98%         4


Dungeon Overview and Level Annotations

Branches:
Dungeon (4/15)
 Temple: D:4-7

Altars:

Annotations:
D:4 Dowan


Innate Abilities, Weirdness & Mutations

You are too large for most types of armour.
You have claws for hands.
Your natural rate of healing is unusually fast.
You are covered in fur. (AC +1)
You have extremely tough skin. (AC +3)


Message History

* * * LOW HITPOINT WARNING * * *
You claw Duvessa!
You kill Duvessa!
Dowan screams, "No!
No!"
Dowan seems to find hidden reserves of power!
Dowan casts a spell.
Dowan blinks!
Your Armour skill increases to level 2!
Your Dodging skill increases to level 3!
You have reached level 6!
Your experience leads to an increase in your attributes!
Increase (S)trength, (I)ntelligence, or (D)exterity?
You feel clever.
You feel stronger.
Unknown command.
Dowan is nearby!
Dowan mumbles some strange words.
Dowan blinks!
Dowan gestures at you while chanting. The stone arrow hits you!!
You die...

....... #........
#........ ####
#........ ##..##
#........
##....####........
#?.##..##.........
#.###..#.<........
#.)##
#.###.@.......
#....
#§###.........
##...
#..#..........
#...
#..e..†.......
#...
###...........
#..e ##..........
#... #.##.......
..# ##..... ..##
.#...


You could see Dowan (fast).

Vanquished Creatures
  Duvessa (D:4)
  2 orc wizards (D:3)
  6 adders
  3 worms
  5 dart slugs
  5 leopard geckos
  5 orcs (D:3)
  A ball python (D:3)
  3 giant cockroaches
  7 goblins
  7 hobgoblins
  6 jackals
  A quokka (D:3)
  4 bats
  5 frilled lizards
  2 kobolds (D:1)
  10 rats
73 creatures vanquished.

Vanquished Creatures (others)
  An orc wizard (D:3)
1 creature vanquished.

Grand Total: 74 creatures vanquished

Notes
Turn   | Place    | Note
-------+----------+-------------------------------------------
     0 | D:1      | Descartes the Troll Warper began the quest for the Orb.
     0 | D:1      | Reached XP level 1. HP: 19/19 MP: 1/1
   166 | D:1      | Reached XP level 2. HP: 27/27 MP: 2/2
   590 | D:1      | Reached XP level 3. HP: 33/33 MP: 3/3
  1091 | D:2      | Reached skill level 1 in Armour
  1096 | D:2      | Reached skill level 3 in Unarmed Combat
  1117 | D:2      | Learned a level 2 spell: Blink
  1121 | D:2      | Reached XP level 4. HP: 33/41 MP: 4/4
  1460 | D:2      | Found a faded altar of an unknown god.
  1755 | D:3      | Reached XP level 5. HP: 47/48 MP: 5/5
  2022 | D:3      | Reached skill level 4 in Unarmed Combat
  2349 | D:4      | Noticed Duvessa
  2350 | D:4      | Noticed Dowan
  2366 | D:4      | Killed Duvessa
  2367 | D:4      | Reached XP level 6. HP: 9/55 MP: 6/6
  2379 | D:4      | Killed from afar by Dowan

Illustrated notes

Levels and vault maps discovered:
D:1:      dpeg_arrival_round_a, layout_basic
D:2:      layout_basic, chequers_ecumenical_altar_island
D:3:      minmay_angry_zag, layout_loops_ring
D:4:      layout_layer_cave, uniq_duvessa, uniq_blork_the_orc

Skill      XL: |  1  2  3  4  5 |
---------------+----------------+-----
Dodging        | 2 3 |  3.0
Armour         | 1 2 |  2.0
Unarmed Combat | 3 4 |  4.4
Translocations | 3 |  3.1
Fighting       | |  1.5
Throwing       | |  0.8
Spellcasting   | |  1.2

Action                   |  1- 3 |  4- 6 || total
-------------------------+-------+-------++-------
Melee: Unarmed           |    89 |   126 ||   215
       Punch             |     1 |     1 ||     2
 Stab: Sleeping          |       |     1 ||     1
Armor: Robe              |    27 |    43 ||    70
Dodge: Dodged            |    42 |    58 ||   100
